 Dungeon Crawl Stone Soup version 0.26.1-11-gd32895ea62 (webtiles) character file.

Game seed: 14973710391147697480

1276 Zeld the Slicer (level 8, -1/50 HPs)
             Began as an Octopode Brigand on May 14, 2021.
             Was an Initiate of Fedhas.
             Hit by a boomerang thrown by an orc (3 damage)
             ... on level 5 of the Dungeon.
             The game lasted 00:09:04 (9032 turns).

Zeld the Slicer (Octopode Brigand)                  Turns: 9032, Time: 00:09:05

Health: -1/50      AC:  1    Str: 13    XL:     8   Next: 54%
Magic:  15/15      EV: 13    Int: 13    God:    Fedhas [......]
Gold:   286        SH:  0    Dex: 13    Spells: 17/17 levels left

rFire    . . .     SeeInvis .   q - +2 dagger (venom)
rCold    . . .     Faith    .   (no shield)
rNeg     . . .     Spirit   .   m - +0 hat
rPois    .         Reflect  .   (no amulet)
rElec    .         Harm     .   (no ring)
rCorr    .         Rampage  .   (no ring)
Will     .....                  (no ring)
Stlth    ++++......             (no ring)
HPRegen  0.16/turn              (no ring)
MPRegen  0.14/turn              (no ring)
                                (no ring)
                                (no ring)

@: no status effects
A: almost no armour, stealthy swim, amphibious, 8 rings, constrict 8, camouflage
1, gelatinous body 1
a: Renounce Religion


You were on level 5 of the Dungeon.
You worshipped Fedhas.
Fedhas was noncommittal.
You visited 2 branches of the dungeon, and saw 6 of its levels.

You collected 286 gold pieces.

Inventory:

Hand Weapons
 a - a +2 dagger
 q - a +2 dagger of venom (weapon)
 t - a +2 dagger of freezing
Missiles
 b - 34 poisoned darts (quivered)
 c - 2 curare-tipped darts
Armour
 m - a +0 hat (worn)
Wands
 o - a wand of random effects (14)
Scrolls
 e - a scroll of fear {unknown}
 h - 5 scrolls of teleportation
 i - a scroll of magic mapping {unknown}
 j - a scroll of blinking
 l - 2 scrolls of remove curse
Potions
 d - a potion of curing
 f - 2 potions of berserk rage {unknown}
 g - a potion of resistance {unknown}
 k - 2 potions of brilliance
 n - a potion of invisibility
 r - 2 potions of might
 s - 2 potions of haste {unknown}


   Skills:
 - Level 2.0 Fighting
 * Level 8.5 Short Blades
 - Level 2.0 Throwing
 - Level 1.0 Dodging
 - Level 5.3 Stealth
 + Level 5.1 Spellcasting


You had 17 spell levels left.
You didn't know any spells.
Your spell library was empty.

Dungeon Overview and Level Annotations

Branches:
Dungeon (5/15)             Temple (1/1) D:4

Altars:
Ashenzari
Cheibriados
Dithmenos
Elyvilon
Fedhas
Gozag
Hepliaklqana
Kikubaaqudgha
Makhleb
Nemelex Xobeh
Okawaru
Qazlal
Ru
Sif Muna
Trog
Uskayaw
Vehumet
Wu Jian
Xom
Yredelemnul
Zin
The Shining One

Annotations:
D:4 Tirrikindir's ghost, amateur OpFi


Innate Abilities, Weirdness & Mutations

You cannot wear most types of armour.
You are very stealthy in the water. (Stealth+)
You are amphibious.
You can wear up to eight rings at the same time.
You can use your tentacles to constrict eight enemies at once.
Your skin changes colour to match your surroundings (Stealth+).
Your rubbery body absorbs attacks. (AC +1, EV +1)


Message History

You see here a +0 falchion.
There is a stone staircase leading down here.
You climb downwards.
An orc comes into view. It is wielding a +0 flail.
Found a potion of mutation.
There is a stone staircase leading up here.
You are too injured to fight recklessly!
The orc throws a boomerang.
The boomerang hits you.
* * * LOW HITPOINT WARNING * * *
The weapon returns to the orc!
The orc throws a boomerang.
The boomerang completely misses you.
The weapon returns to the orc!
The orc throws a boomerang.
The boomerang hits you!
* * * LOW HITPOINT WARNING * * *
The weapon returns to the orc!
The orc throws a boomerang.
The boomerang barely misses you.
The weapon returns to the orc!
The orc throws a boomerang.
The boomerang hits you.
You die...
Fedhas appreciates your contribution to the ecosystem.

###
####..
#.....
#!#.o.
.....
#.#..##
#...@#
#.#.###
#. #.
#. #. .


You could see an orc.

Vanquished Creatures
  Pikel (D:4)
  Sigmund (D:2)
  An eye of draining (D:4)
  2 lemures (D:4)
  2 big kobolds (D:3)
  A scorpion (D:4)
  A hound (D:4)
  An orc wizard (D:4)
  Ijyb (D:4)
  Natasha (thrice) (D:2)
  2 worker ants (D:4)
  Terence (D:2)
  3 gnolls (D:2)
  5 adders
  2 leopard geckos
  6 orcs
  2 ball pythons
  5 bats
  6 giant cockroaches
  11 goblins
  8 hobgoblins
  4 jackals (D:2)
  2 quokkas
  A ball python skeleton (D:4)
  6 frilled lizards
  A jackal skeleton (D:4)
  11 kobolds
  7 rats
97 creatures vanquished.

Vanquished Creatures (others)
  5 plants (D:4)
5 creatures vanquished.

Grand Total: 102 creatures vanquished

Notes
Turn   | Place    | Note
-------+----------+-------------------------------------------
     0 | D:1      | Zeld the Octopode Brigand began the quest for the Orb.
     0 | D:1      | Reached XP level 1. HP: 14/14 MP: 1/1
    53 | D:1      | Reached XP level 2. HP: 12/19 MP: 2/2
   296 | D:1      | Reached skill level 1 in Spellcasting
   507 | D:1      | Reached skill level 3 in Short Blades
   571 | D:1      | Reached XP level 3. HP: 24/24 MP: 4/4
   673 | D:1      | Found a snail-covered altar of Cheibriados.
   756 | D:2      | Noticed Sigmund
   991 | D:2      | Noticed Natasha
   993 | D:2      | Killed Natasha
  1018 | D:2      | Reached XP level 4. HP: 15/29 MP: 6/6
  1384 | D:2      | Found an opulent altar of Gozag.
  2126 | D:2      | Reached skill level 4 in Short Blades
  2264 | D:2      | Noticed Terence
  2283 | D:2      | Killed Terence
  2284 | D:2      | Reached XP level 5. HP: 27/34 MP: 8/8
  2930 | D:2      | Killed Sigmund
  2931 | D:2      | Reached skill level 5 in Short Blades
  2931 | D:2      | Reached XP level 6. HP: 19/39 MP: 8/10
  3261 | D:2      | Noticed Natasha
  3303 | D:2      | Killed Natasha
  3532 | D:2      | Found an opulent altar of Gozag.
  3689 | D:2      | Noticed Natasha
  3731 | D:2      | Killed Natasha
  4325 | D:3      | Found a white marble altar of Elyvilon.
  4335 | D:3      | Found a broken altar of Ashenzari.
  4432 | D:3      | Reached skill level 6 in Short Blades
  4518 | D:2      | Reached XP level 7. HP: 16/45 MP: 12/12
  5669 | D:3      | Found a shimmering blue altar of Sif Muna.
  5793 | D:3      | Found a blossoming altar of Fedhas.
  5818 | D:3      | Became a worshipper of Fedhas Madash
  6393 | D:4      | Found a staircase to the Ecumenical Temple.
  6408 | Temple   | Entered the Ecumenical Temple
  7432 | D:4      | Found a transporter.
  7436 | D:4      | Noticed Tirrikindir's ghost (amateur OpFi)
  7437 | D:4      | Found a transporter.
  7878 | D:4      | Reached skill level 7 in Short Blades
  8094 | D:4      | Noticed Pikel
  8108 | D:4      | Killed Pikel
  8109 | D:4      | Reached skill level 8 in Short Blades
  8109 | D:4      | Reached skill level 5 in Spellcasting
  8109 | D:4      | Reached XP level 8. HP: 23/50 MP: 13/15
  8299 | D:4      | Noticed Ijyb
  8309 | D:4      | Killed Ijyb
  9025 | D:5      | Entered Level 5 of the Dungeon
  9030 | D:5      | HP: 2/50 [orc/boomerang (7)]
  9032 | D:5      | Hit by a boomerang thrown by an orc

Illustrated notes

Levels and vault maps discovered:
D:1:      dpeg_arrival_lava_altar, layout_rooms, minmay_tiny_reverse_x
D:2:      layout_basic, nicolae_gozag_cash_rules_everything_around_me,
          uniq_terence, uniq_natasha, uniq_sigmund
D:3:      cheibrodos_thug_alley, layout_basic, lemuel_crystal_altar,
          lemuel_doored_altar, gammafunk_temple_overflow_statue
D:4:      cheibrodos_barr_body, layout_basic, minmay_temple_entry_overgrown,
          gammafunk_ghost_arena, uniq_pikel, uniq_ijyb
D:5:      layout_basic, uniq_edmund
Temple:   minmay_crystal_spiral_temple

Skill      XL: |  1  2  3  4  5  6  7 |
---------------+----------------------+-----
Spellcasting   | 1 2 3 5 |  5.1
Short Blades   | 3 4 5 6 8 |  8.5
Fighting       | |  2.0
Throwing       | |  2.0
Dodging        | |  1.0
Stealth        | |  5.3

Action                   |  1- 3 |  4- 6 |  7- 9 || total
-------------------------+-------+-------+-------++-------
Melee: Dagger            |    45 |    78 |   106 ||   229
       Constrict         |    16 |    18 |    19 ||    53
       Tentacles         |     5 |    21 |    21 ||    47
Throw: Dart              |       |    17 |     8 ||    25
  Use: Scroll            |       |       |    13 ||    13
 Stab: Sleeping          |     3 |    10 |     8 ||    21
       Distracted        |       |     1 |       ||     1
Armor: Skin              |     4 |    12 |     1 ||    17
Dodge: Dodged            |    33 |    64 |    42 ||   139
